[Event "13th Palmanova Festival A 2024"]
[Site "Palmanova"]
[Date "2024.12.30"]
[Round "5.1"]
[White "Martinovici, Ilia"]
[Black "Pegno, Mattia"]
[Result "1-0"]
[ECO "D02"]
[WhiteElo "2473"]
[BlackElo "2243"]
[Annotator "RC"]
[PlyCount "63"]
[EventDate "2024.12.27"]
[EventCountry "ITA"]
[SourceTitle "playchess.com"]
[Source "ChessBase"]
[SourceQuality "1"]
[TimeControl "6000+30"]

1. d4 d5 2. Nf3 Nf6 3. c3 e6 4. Bf4 Bd6 5. e3 O-O 6. Bd3 c5 7. Nbd2 Bxf4 8. exf4 cxd4 9. Nxd4 Nbd7 10. O-O Nc5 11. Bc2 b6 12. Re1 Bb7 13. f5 Qd6 14. b4 Nce4 15. Nxe4 Nxe4 16. fxe6 fxe6 17. f3 Ng5 18. Qd2 Qf4 19. Qxf4 Rxf4 20. Nxe6 Nxe6 21. Rxe6 Rc8 22. Re7 Rf7 23. Bxh7+ Kf8 24. Re3 g5 25. Bg6 Rf6 26. Bh5 Rfc6 27. Rae1 R8c7 28. Re8+ Kg7 29. R1e5 Rxc3 30. Rxg5+ Kh7 31. Bg4 Bc8 32. Bxc8 1-0

[Event "13th Palmanova Festival A 2024"]
[Site "Palmanova"]
[Date "2024.12.30"]
[Round "5.2"]
[White "Bettalli, Francesco"]
[Black "Dobrovoljc, Vid"]
[Result "1-0"]
[ECO "B90"]
[WhiteElo "2359"]
[BlackElo "2365"]
[Annotator "ChessBase"]
[PlyCount "119"]
[EventDate "2024.12.27"]
[EventCountry "ITA"]
[SourceTitle "playchess.com"]
[Source "ChessBase"]
[SourceQuality "1"]
[TimeControl "6000+30"]

1. e4 c5 2. Nf3 d6 3. d4 cxd4 4. Nxd4 Nf6 5. Nc3 a6 6. Qd3 Nbd7 7. Be2 Nc5 8. Qe3 g6 9. e5 dxe5 10. Qxe5 Ncd7 11. Qg3 e5 12. Nb3 Bg7 13. f4 e4 14. f5 b5 15. Bf4 Bb7 16. Bc7 Qc8 17. Bd6 Bf8 18. fxg6 hxg6 19. O-O-O Bxd6 20. Rxd6 Qc7 21. Rhd1 Rc8 22. a3 O-O 23. h4 Ne8 24. h5 Nxd6 25. Rxd6 Nf6 26. hxg6 fxg6 27. Nd4 Qh7 28. Qg5 Qf7 29. Ne6 Nh7 30. Qh6 Kh8 31. Nxf8 Rxf8 32. Rxg6 Qf4+ 33. Qxf4 Rxf4 34. Kd2 Rf7 35. Ke3 Nf6 36. Rg5 Kh7 37. Rg3 Kh6 38. b4 Rf8 39. Kd2 Ng8 40. a4 Ne7 41. axb5 axb5 42. Nxb5 Nf5 43. Rh3+ Kg5 44. g4 Rd8+ 45. Kc3 Nh4 46. Nd4 Bc8 47. Rh1 Ng6 48. b5 Nf4 49. Bc4 Kxg4 50. Rg1+ Kh4 51. b6 Rd7 52. Nf5+ Kh3 53. Ne3 Rd6 54. Rb1 Rd7 55. Rg1 Rb7 56. Ba6 Ne2+ 57. Bxe2 Rxb6 58. Kd4 Bb7 59. Bc4 Rd6+ 60. Bd5 1-0

[Event "13th Palmanova Festival A 2024"]
[Site "Palmanova"]
[Date "2024.12.30"]
[Round "5.3"]
[White "Lumachi, Gabriele"]
[Black "Di Benedetto, Edoardo"]
[Result "1/2-1/2"]
[ECO "B33"]
[WhiteElo "2438"]
[BlackElo "2411"]
[Annotator "RC"]
[PlyCount "78"]
[EventDate "2024.12.27"]
[EventCountry "ITA"]
[SourceTitle "playchess.com"]
[Source "ChessBase"]
[SourceQuality "1"]
[TimeControl "6000+30"]

1. e4 c5 2. Nf3 Nc6 3. d4 cxd4 4. Nxd4 e5 5. Nb5 d6 6. N1c3 Nf6 7. Bg5 a6 8. Na3 b5 9. Nab1 Be7 10. Bxf6 Bxf6 11. a4 b4 12. Nd5 O-O 13. Bc4 Bg5 14. O-O Kh8 15. c3 bxc3 16. Nbxc3 f5 17. exf5 Bxf5 18. Bd3 Be6 19. b4 Rb8 20. Rb1 Ne7 21. Bxa6 Nxd5 22. Nxd5 Bxd5 23. Qxd5 Rf4 24. a5 Qf6 25. Bb7 Rf8 26. Qa2 Rd4 27. Rb2 e4 28. a6 Qe7 29. Re2 e3 30. Bf3 Qa7 31. Qa5 exf2+ 32. Kh1 Bd8 33. Qb5 Bb6 34. Rexf2 Rxb4 35. Qxb4 Bxf2 36. Qxd6 Bc5 37. Qc6 Rf6 38. Re1 Bf8 39. Qe8 Qxa6 1/2-1/2

[Event "13th Palmanova Festival A 2024"]
[Site "Palmanova"]
[Date "2024.12.30"]
[Round "5.4"]
[White "Savanovic, Aleksandar"]
[Black "Zamengo, Fulvio"]
[Result "1-0"]
[ECO "C02"]
[WhiteElo "2354"]
[BlackElo "2348"]
[Annotator "RC"]
[PlyCount "71"]
[EventDate "2024.12.27"]
[EventCountry "ITA"]
[SourceTitle "playchess.com"]
[Source "ChessBase"]
[SourceQuality "1"]
[TimeControl "6000+30"]

1. e4 e6 2. d4 d5 3. e5 c5 4. c3 Nc6 5. Nf3 Bd7 6. Be2 Nge7 7. Na3 cxd4 8. cxd4 Nf5 9. Nc2 Be7 10. O-O h5 11. Bd3 g5 12. g3 Rg8 13. Bd2 Qb6 14. Bc3 a5 15. Ne3 Nxe3 16. fxe3 g4 17. Ne1 a4 18. Ng2 a3 19. b3 Bg5 20. Qe2 Ne7 21. Nf4 h4 22. Rac1 Rc8 23. Bd2 Rxc1 24. Bxc1 hxg3 25. hxg3 Nf5 26. Kg2 Be7 27. Rh1 Bb4 28. Bd2 Bf8 29. Kf2 Ne7 30. Nh5 Kd8 31. Nf6 Rg6 32. Rh8 Kc7 33. Rxf8 Rh6 34. Kg2 Qc6 35. Rxf7 Kd8 36. Rxe7 1-0

[Event "13th Palmanova Festival A 2024"]
[Site "Palmanova"]
[Date "2024.12.30"]
[Round "5.5"]
[White "Hovhannisyan, Mher"]
[Black "Cina`, Vittorio"]
[Result "1/2-1/2"]
[ECO "E24"]
[WhiteElo "2397"]
[BlackElo "2325"]
[Annotator "ChessBase"]
[PlyCount "163"]
[EventDate "2024.12.27"]
[EventCountry "ITA"]
[SourceTitle "playchess.com"]
[Source "ChessBase"]
[SourceQuality "1"]
[TimeControl "6000+30"]

1. d4 Nf6 2. c4 e6 3. Nc3 Bb4 4. a3 Bxc3+ 5. bxc3 Nc6 6. f3 b6 7. e4 Ba6 8. Bg5 h6 9. Bh4 g5 10. Bf2 Qe7 11. h4 O-O-O 12. c5 Bxf1 13. Kxf1 Nh5 14. cxb6 axb6 15. c4 e5 16. c5 exd4 17. cxb6 cxb6 18. Ne2 Qe5 19. Rb1 f5 20. Qb3 Qa5 21. Nxd4 Nxd4 22. Bxd4 Ng3+ 23. Kf2 Qd2+ 24. Kxg3 Qf4+ 25. Kf2 Qd2+ 26. Kf1 Qxd4 27. Qxb6 Qxb6 28. Rxb6 Kc7 29. Rb4 fxe4 30. fxe4 Rdf8+ 31. Ke2 gxh4 32. Rc4+ Kd8 33. Rxh4 Rhg8 34. Rh2 Rg4 35. Ra4 Ke7 36. Ke3 Rg3+ 37. Kd4 Rf6 38. Ra5 Rfg6 39. Re5+ Kf7 40. Rf5+ Ke7 41. a4 Rxg2 42. Rxg2 Rxg2 43. a5 Kd6 44. Rf6+ Kc7 45. Rxh6 Ra2 46. Rh5 Ra4+ 47. Ke3 Kc6 48. Rd5 Ra1 49. Kf4 Ra2 50. Kf5 Rf2+ 51. Ke5 Ra2 52. Kf6 Ra4 53. Kf5 Ra2 54. Kf4 Ra3 55. Ke5 Ra4 56. Rd6+ Kc7 57. Rd5 Kc6 58. Kf5 Ra2 59. Kf6 Ra4 60. Ke5 Ra2 61. Kf4 Ra4 62. Re5 Ra3 63. Kf5 Kd6 64. Kf6 Ra4 65. Rd5+ Kc6 66. Re5 Kd6 67. Kf5 Ra2 68. Rb5 Kc6 69. Rd5 Ra3 70. Kf4 Ra4 71. Rf5 Ra2 72. Rh5 Ra1 73. Rg5 Ra2 74. Rg6+ Kc7 75. a6 d6 76. Rg7+ Kb6 77. Rb7+ Kc6 78. Ra7 Kb6 79. Ra8 Rxa6 80. Rxa6+ Kxa6 81. e5 dxe5+ 82. Kxe5 1/2-1/2

[Event "13th Palmanova Festival A 2024"]
[Site "Palmanova"]
[Date "2024.12.30"]
[Round "5.6"]
[White "Adharsh K"]
[Black "Gkoumas, Georgios"]
[Result "1/2-1/2"]
[ECO "B33"]
[WhiteElo "2235"]
[BlackElo "2449"]
[Annotator "RC"]
[PlyCount "65"]
[EventDate "2024.12.27"]
[EventCountry "ITA"]
[SourceTitle "playchess.com"]
[Source "ChessBase"]
[SourceQuality "1"]
[TimeControl "6000+30"]

1. e4 c5 2. Nf3 Nc6 3. d4 cxd4 4. Nxd4 Nf6 5. Nc3 e5 6. Ndb5 d6 7. Bg5 a6 8. Na3 b5 9. Nd5 Be7 10. Bxf6 Bxf6 11. c3 O-O 12. Nc2 g6 13. Be2 Bg7 14. O-O f5 15. exf5 gxf5 16. a4 bxa4 17. Rxa4 Kh8 18. Kh1 Ra7 19. Qd2 e4 20. f3 exf3 21. Bxf3 Ne5 22. Nd4 Bd7 23. Raa1 a5 24. b4 Nxf3 25. Nxf3 Bb5 26. Rfd1 Bc6 27. Rab1 Rb7 28. Qd3 axb4 29. cxb4 Qb8 30. Rbc1 Bb5 31. Qc2 Qa7 32. Re1 Qa3 33. Nc7 1/2-1/2

[Event "13th Palmanova Festival A 2024"]
[Site "Palmanova"]
[Date "2024.12.30"]
[Round "5.7"]
[White "Domalchuk-Jonasson, Aleksandr"]
[Black "Bouska, Jiri"]
[Result "1/2-1/2"]
[ECO "D02"]
[WhiteElo "2377"]
[BlackElo "2267"]
[Annotator "ChessBase"]
[PlyCount "83"]
[EventDate "2024.12.27"]
[EventCountry "ITA"]
[SourceTitle "playchess.com"]
[Source "ChessBase"]
[SourceQuality "1"]
[TimeControl "6000+30"]

1. d4 d5 2. Nf3 Nf6 3. c3 e6 4. Bf4 c5 5. e3 Bd6 6. Bb5+ Nc6 7. Bxc6+ bxc6 8. Bxd6 Qxd6 9. Qa4 O-O 10. Qa3 a5 11. O-O Ba6 12. Rc1 Nd7 13. Nbd2 Be2 14. c4 Rfc8 15. Rc2 Qf8 16. Rac1 Bxf3 17. Nxf3 cxd4 18. Qxf8+ Kxf8 19. cxd5 exd5 20. Nxd4 c5 21. Ne2 Ra6 22. Rd1 Rd6 23. Nd4 Rb6 24. Nf5 Nf6 25. Rdc1 g6 26. Nd4 Nd7 27. Ne2 Rcb8 28. b3 a4 29. bxa4 Rb2 30. h3 Rxc2 31. Rxc2 Ke7 32. Rd2 Kd6 33. Nc3 Nf6 34. g4 h6 35. Nxd5 Nxd5 36. e4 Ra8 37. exd5 Rxa4 38. Kf1 c4 39. Ke2 c3 40. Rc2 Kxd5 41. Kd3 Ra3 42. Rxc3 1/2-1/2

[Event "13th Palmanova Festival A 2024"]
[Site "Palmanova"]
[Date "2024.12.30"]
[Round "5.8"]
[White "Kalosha, Zhiulien Oleksii"]
[Black "Gregoric, Andraz"]
[Result "1-0"]
[ECO "C54"]
[WhiteElo "2306"]
[BlackElo "2265"]
[Annotator "ChessBase"]
[PlyCount "121"]
[EventDate "2024.12.27"]
[EventCountry "ITA"]
[SourceTitle "playchess.com"]
[Source "ChessBase"]
[SourceQuality "1"]
[TimeControl "6000+30"]

1. e4 e5 2. Nf3 Nc6 3. Bc4 Bc5 4. c3 Nf6 5. d3 d6 6. O-O a5 7. Re1 O-O 8. h3 Ba7 9. Nbd2 Ne7 10. Nf1 Ng6 11. Bb3 h6 12. Ng3 Nh7 13. d4 Qf6 14. Nh5 Qe7 15. Be3 Ng5 16. Qe2 Re8 17. Rad1 exd4 18. Bxd4 Nxf3+ 19. Qxf3 Bxd4 20. cxd4 a4 21. Bc2 Qg5 22. Ng3 Qb5 23. Re2 Qb6 24. a3 c5 25. dxc5 dxc5 26. Red2 Be6 27. Nh5 Qc7 28. Rd6 f6 29. Qg3 Qf7 30. f4 Nf8 31. Qf3 b5 32. Kh2 Kh8 33. R1d2 Rac8 34. Bd1 Bc4 35. Qg4 Rc7 36. Bf3 b4 37. Qg3 bxa3 38. bxa3 Bb3 39. e5 f5 40. Qh4 Ng6 41. Qe1 Nf8 42. Qe3 Ne6 43. Ng3 Rb8 44. Ne2 Bc4 45. Qc3 Bb3 46. Bc6 Rbc8 47. Bd7 Rb8 48. Qa5 Rbb7 49. Bc6 Ra7 50. Qb6 Qe7 51. Qb5 g6 52. Rd7 Rxd7 53. Bxd7 Kg7 54. Bxe6 Bxe6 55. Rd6 Kf7 56. Qxc5 Qc7 57. Rc6 Qe7 58. Qc3 Bd5 59. Rd6 Be4 60. Qg3 g5 61. Rxh6 1-0

[Event "13th Palmanova Festival A 2024"]
[Site "Palmanova"]
[Date "2024.12.30"]
[Round "5.9"]
[White "Sepehrkhoui, Ardeshir"]
[Black "Knudsen, Simon"]
[Result "0-1"]
[ECO "B08"]
[WhiteElo "2266"]
[BlackElo "2303"]
[Annotator "RC"]
[PlyCount "50"]
[EventDate "2024.12.27"]
[EventCountry "ITA"]
[SourceTitle "playchess.com"]
[Source "ChessBase"]
[SourceQuality "1"]
[TimeControl "6000+30"]

1. d4 g6 2. e4 Bg7 3. Nf3 d6 4. Be2 Nf6 5. Nc3 O-O 6. O-O a6 7. a4 b6 8. Re1 e6 9. e5 dxe5 10. Nxe5 Bb7 11. Bg5 c5 12. Ng4 Nbd7 13. dxc5 bxc5 14. Qd6 Qb8 15. Nh6+ Kh8 16. Qd2 Nb6 17. a5 Nbd5 18. f3 Nxc3 19. bxc3 Qc7 20. Red1 Nd5 21. c4 Nc3 22. Ra3 Nxd1 23. Qxd1 f6 24. Be3 f5 25. Rd3 Bc6 0-1

[Event "13th Palmanova Festival A 2024"]
[Site "Palmanova"]
[Date "2024.12.30"]
[Round "5.10"]
[White "Javornik, Nik"]
[Black "Shearsby, Jude"]
[Result "1-0"]
[ECO "C17"]
[WhiteElo "2300"]
[BlackElo "2249"]
[Annotator "RC"]
[PlyCount "87"]
[EventDate "2024.12.27"]
[EventCountry "ITA"]
[SourceTitle "playchess.com"]
[Source "ChessBase"]
[SourceQuality "1"]
[TimeControl "6000+30"]

1. e4 e6 2. d4 d5 3. Nc3 Bb4 4. e5 c5 5. Bd2 Ne7 6. Nb5 Bxd2+ 7. Qxd2 O-O 8. f4 Bd7 9. Nf3 Bxb5 10. Bxb5 Qb6 11. Be2 Qxb2 12. O-O Qb6 13. Rab1 Qc7 14. c3 Nbc6 15. g4 Rac8 16. Bd3 b6 17. Bxh7+ Kxh7 18. Ng5+ Kg6 19. Qd3+ f5 20. Nxe6 Qd7 21. Nxf8+ Rxf8 22. dxc5 bxc5 23. Rb2 Qe6 24. Rb5 c4 25. Qc2 Kf7 26. g5 d4 27. Qa4 Rd8 28. Rc5 dxc3 29. Qxc4 Rd2 30. g6+ Nxg6 31. Qxe6+ Kxe6 32. Rxc6+ Kf7 33. Rxc3 Rxa2 34. Rc7+ Kf8 35. Rb1 Kg8 36. Rbb7 Nxf4 37. Rxg7+ Kh8 38. Rh7+ Kg8 39. Rhc7 Nh3+ 40. Kf1 Ra1+ 41. Kg2 Nf4+ 42. Kg3 Ne6 43. Rc8+ Nf8 44. Rbb8 1-0

[Event "13th Palmanova Festival A 2024"]
[Site "Palmanova"]
[Date "2024.12.30"]
[Round "5.11"]
[White "Skrbec, Leon"]
[Black "Lekic, Dusan"]
[Result "1-0"]
[ECO "A37"]
[WhiteElo "2265"]
[BlackElo "2287"]
[Annotator "ChessBase"]
[PlyCount "97"]
[EventDate "2024.12.27"]
[EventCountry "ITA"]
[SourceTitle "playchess.com"]
[Source "ChessBase"]
[SourceQuality "1"]
[TimeControl "6000+30"]

1. Nf3 c5 2. c4 Nc6 3. g3 g6 4. Bg2 Bg7 5. Nc3 d6 6. O-O e6 7. e3 Nge7 8. b3 O-O 9. Bb2 e5 10. d3 h6 11. Qe2 f5 12. Ne1 Be6 13. Nc2 d5 14. Rad1 Qd7 15. Kh1 d4 16. Na4 b6 17. f4 dxe3 18. fxe5 Nd4 19. Bxd4 cxd4 20. Nxe3 Rad8 21. Nc2 Nc6 22. Rde1 g5 23. Qd2 Nxe5 24. Nb2 Kh8 25. Nb4 Ng4 26. Nd1 Qd6 27. Nd5 Rd7 28. Qe2 Bg8 29. Qd2 Ne5 30. Nf2 Qg6 31. Re2 Rdf7 32. Qe1 Qd6 33. Qd1 Bh7 34. Nh3 Bg6 35. Ree1 f4 36. gxf4 Nxd3 37. Re2 g4 38. Be4 gxh3 39. Qxd3 Bh5 40. Ref2 Bg4 41. Qg3 h5 42. Bf3 Qg6 43. Rg1 Re8 44. Bxg4 hxg4 45. Qxg4 Qe4+ 46. Qf3 d3 47. Qxe4 Rxe4 48. Rd2 Bd4 49. Rgd1 1-0

[Event "13th Palmanova Festival A 2024"]
[Site "Palmanova"]
[Date "2024.12.30"]
[Round "5.12"]
[White "Candian, Lorenzo"]
[Black "Solomon, Kenny"]
[Result "1-0"]
[ECO "B06"]
[WhiteElo "2208"]
[BlackElo "2277"]
[Annotator "NA"]
[PlyCount "107"]
[EventDate "2024.12.27"]
[EventCountry "ITA"]
[SourceTitle "playchess.com"]
[Source "ChessBase"]
[SourceQuality "1"]
[TimeControl "6000+30"]

1. d4 d6 2. e4 g6 3. h4 h5 4. Nc3 c6 5. Be3 Nf6 6. f3 b5 7. a3 Qc7 8. Be2 Bg7 9. g4 hxg4 10. fxg4 Qd7 11. g5 Ng4 12. Bxg4 Qxg4 13. Qxg4 Bxg4 14. Nge2 Nd7 15. Kf2 Nb6 16. b3 a5 17. Kg3 Bd7 18. a4 b4 19. Nb1 d5 20. e5 Bf5 21. Nd2 f6 22. h5 gxh5 23. Raf1 Bg4 24. exf6 exf6 25. gxf6 Bf8 26. Bg5 Kf7 27. Nf4 Bd6 28. Nf3 Rae8 29. Re1 Rxe1 30. Rxe1 Rg8 31. Ne5+ Bxe5 32. Rxe5 Nc8 33. Kh4 Rh8 34. Re1 Bf5 35. Re5 Bg4 36. Re3 Bf5 37. c3 bxc3 38. Rxc3 Bd7 39. Re3 Bf5 40. Re1 Be4 41. Rc1 Na7 42. Rc5 Rb8 43. Rxa5 Rb7 44. Kxh5 Nc8 45. Rc5 Na7 46. Rc3 Rb8 47. Nd3 Bxd3 48. Rxd3 Re8 49. Kg4 Nc8 50. Rc3 Re4+ 51. Bf4 Nd6 52. Rxc6 Ne8 53. Kf5 Rxd4 54. Rb6 1-0

[Event "13th Palmanova Festival A 2024"]
[Site "Palmanova"]
[Date "2024.12.30"]
[Round "5.13"]
[White "Casadio, Niccolo`"]
[Black "Rossi, Gabriele Valerio"]
[Result "1-0"]
[ECO "A36"]
[WhiteElo "2275"]
[BlackElo "2007"]
[Annotator "RC"]
[PlyCount "89"]
[EventDate "2024.12.27"]
[EventCountry "ITA"]
[SourceTitle "playchess.com"]
[Source "ChessBase"]
[SourceQuality "1"]
[TimeControl "6000+30"]

1. c4 Nf6 2. Nc3 g6 3. g3 Bg7 4. Bg2 O-O 5. e4 c5 6. Nge2 Nc6 7. O-O d6 8. d3 Ne8 9. Be3 Nd4 10. Rb1 Nc7 11. b4 b6 12. Qc1 Bg4 13. f3 Bd7 14. Bh6 Rb8 15. Bxg7 Kxg7 16. Nxd4 cxd4 17. Ne2 e5 18. Qa3 Ra8 19. f4 Be8 20. f5 f6 21. g4 g5 22. h4 h6 23. Kf2 Rh8 24. Rh1 Qd7 25. Rh3 Qa4 26. Qb2 b5 27. Rbh1 Bf7 28. a3 a5 29. Nxd4 axb4 30. hxg5 exd4 31. Qxd4 Qa7 32. gxf6+ Kg8 33. Qxa7 Rxa7 34. axb4 bxc4 35. dxc4 Ra2+ 36. Kg3 Bxc4 37. Rc1 d5 38. exd5 Bxd5 39. Bxd5+ Nxd5 40. Rc8+ Kh7 41. Rxh6+ Kxh6 42. Rxh8+ Kg5 43. f7 Ra3+ 44. Kf2 Ra2+ 45. Ke1 1-0

[Event "13th Palmanova Festival A 2024"]
[Site "Palmanova"]
[Date "2024.12.30"]
[Round "5.14"]
[White "Capaliku, Aleks"]
[Black "Mazzini, Mauro"]
[Result "1/2-1/2"]
[ECO "A47"]
[WhiteElo "2020"]
[BlackElo "2069"]
[Annotator "NA RC"]
[PlyCount "29"]
[EventDate "2024.12.27"]
[EventCountry "ITA"]
[SourceTitle "playchess.com"]
[Source "ChessBase"]
[SourceQuality "1"]
[TimeControl "6000+30"]

1. d4 Nf6 2. Bf4 b6 3. e3 Bb7 4. h3 e6 5. Nf3 Be7 6. Bd3 c5 7. c3 cxd4 8. cxd4 Nc6 9. Nc3 a6 10. O-O O-O 11. Rc1 d6 12. e4 Rc8 13. a3 b5 14. b4 Nb8 15. Qe2 1/2-1/2